 Dungeon Crawl Stone Soup version 0.30-a0-808-g6e0788376e (webtiles) character file.

Game seed: 6191428567474570712

278 Farfigtubin the Sneak (level 6, -5/33 (35) HPs)
             Began as a Kobold Brigand on Feb 26, 2023.
             Slain by a wight
             ... wielding a +0 long sword
              (11 damage)
             ... in an ossuary.
             The game lasted 00:18:01 (1437 turns).

Farfigtubin the Sneak (Kobold Brigand)              Turns: 1437, Time: 00:18:01

HP:   -5/33 (35)    AC:  3    Str:  8    XL:     6   Next: 51%
MP:   8/8           EV: 16    Int: 12    God:
Gold: 139           SH:  0    Dex: 19    Spells: 8/8 levels left

rFire   . . .      SeeInvis .    a - +2 dagger (venom)
rCold   . . .      Faith    .    (no shield)
rNeg    . . .      Spirit   .    b - +0 robe
rPois   .          Reflect  .    (no helmet)
rElec   .          Harm     .    c - +0 cloak
rCorr   .          Rampage  .    (no gloves)
Will    +....                    (no boots)
Stlth   +++++                    (no amulet)
HPRegen 0.25/turn                h - ring of willpower
MPRegen 0.11/turn                (no ring)

@: drained
A: small, no large weapons, nightstalker 3
a: no special abilities


You were in an ossuary.
You visited 1 branch of the dungeon, and saw 4 of its levels.
You also visited: Ossuary.

You collected 139 gold pieces.

Inventory:

Hand Weapons
 a - a +2 dagger of venom (weapon)
Missiles
 d - 9 poisoned darts (quivered)
 e - 3 curare-tipped darts
 f - 11 stones
Armour
 b - a +0 robe (worn)
 c - a +0 cloak (worn)
Jewellery
 h - a ring of willpower (left hand)
 r - an amulet of guardian spirit
Scrolls
 i - a scroll of fear {unknown}
 k - a scroll of immolation {unknown}
 l - a scroll of enchant weapon {unknown}
 m - a scroll of noise {unknown}
 o - a scroll of poison {unknown}
 p - a scroll of identify {unknown}
Potions
 g - a potion of degeneration {unknown}
 j - a potion of attraction {unknown}
 n - 2 potions of curing {unknown}
 q - 2 potions of heal wounds {unknown}
 s - 2 potions of cancellation {unknown}
 t - a potion of flight {unknown}


   Skills:
 - Level 2.1 Fighting
 * Level 5.6 Short Blades
 - Level 2.1 Throwing
 + Level 3.2 Dodging
 + Level 6.4 Stealth
 + Level 1.7 Spellcasting
 + Level 1.8 Poison Magic


You had 8 spell levels left.
You didn't know any spells.
Your spell library contained the following spells:

 Spells                   Type           Power      Damage    Failure   Level
 Freeze                   Ice            4%         1d3       28%         1
 Poisonous Vapours        Pois/Air       6%         N/A       28%         2
 Cigotuvi's Dreadful Rot  Necr/Pois/Air  4%         N/A       32%         2
 Mephitic Cloud           Conj/Pois/Air  2%         N/A       54%         3
 Frozen Ramparts          Ice            2%         1d1       63%         3
 Hailstorm                Conj/Ice       1%         3d3       63%         3


Dungeon Overview and Level Annotations

Branches:
Dungeon (4/15)            Ossuary (1/1)
 Temple: D:4-7

Altars:
Elyvilon
Okawaru
Qazlal
Sif Muna
Xom


Innate Abilities, Weirdness & Mutations

You are small and have problems with some larger weapons.
You are completely attuned to the shadows.


Message History

You hit the hobgoblin skeleton.
The hobgoblin skeleton is heavily damaged.
You hit the hobgoblin skeleton.
The hobgoblin skeleton is severely damaged.
The hobgoblin skeleton hits you.
You hit the hobgoblin skeleton.
The hobgoblin skeleton is almost destroyed.
You hit the hobgoblin skeleton.
You destroy the hobgoblin skeleton!
There is an open door here.
You open the door.
A ball python skeleton comes into view.
There is an open door here.
The helpless ball python skeleton fails to defend itself.
You spit the ball python skeleton like a pig!!!
You destroy the ball python skeleton!
You open the door.
An orc skeleton comes into view.
There is an open door here.
The helpless orc skeleton fails to defend itself.
You stick the orc skeleton like a pincushion!!!
You destroy the orc skeleton!
As you open the door, it creaks loudly!
A wight comes into view. It is wielding a +0 long sword.
The wight attacks as you move away! The wight closely misses you.
The wight attacks as you move away!
The wight hits you with a +0 long sword!
You feel drained. The wight attacks as you move away!
The wight closely misses you.
There is an open door here.
The wight attacks as you move away! The wight barely misses you.
The wight attacks as you move away! The wight closely misses you.
The wight attacks as you move away!
The wight hits you with a +0 long sword!
The wight attacks as you move away!
The wight hits you with a +0 long sword!
* * * LOW HITPOINT WARNING * * *
The wight attacks as you move away!
The wight hits you with a +0 long sword!
You die...

#.'.'.# ###.### #.'.')#
###'### ### ##...## ##.##
##.....#### ###...#
##.......#.# ######.....#
##..........###...#...∩..#
#..........z@#.###.......#
#..........#..## ##......#
#..#.#....##### ##..∩..#
##.####...# ##....#
##......## #...## ####..##
##.## #### ###


You could see a wight.

Vanquished Creatures
  An elf zombie (D:4)
  A wight (Ossuary)
  A howler monkey (D:4)
  A hound (D:4)
  Natasha (D:3)
  2 adders
  A worm (D:3)
  2 dart slugs (D:3)
  An orc (D:3)
  4 bats
  2 endoplasms
  2 goblins (D:1)
  5 hobgoblins
  3 quokkas
  8 ball pythons
  A ball python skeleton (Ossuary)
  2 frilled lizards (D:3)
  A hobgoblin skeleton (Ossuary)
  4 kobolds
  2 kobold zombies (Ossuary)
  An orc skeleton (Ossuary)
  An orc zombie (D:4)
  3 rats
50 creatures vanquished.

Notes
Turn   | Place    | Note
-------+----------+-------------------------------------------
     0 | D:1      | Farfigtubin the Kobold Brigand began the quest for the Orb.
     0 | D:1      | Reached XP level 1. HP: 12/12 MP: 1/1
   122 | D:1      | Reached XP level 2. HP: 17/17 MP: 2/2
   304 | D:2      | Reached XP level 3. HP: 16/21 MP: 3/3
   353 | D:2      | Found a faded altar of an unknown god.
   585 | D:3      | Found a faded altar of an unknown god.
   586 | D:3      | Found a stormy altar of Qazlal.
   643 | D:3      | Found an iron altar of Okawaru.
   657 | D:3      | Reached XP level 4. HP: 24/26 MP: 4/4
   701 | D:3      | Noticed Natasha
   778 | D:3      | Killed Natasha
  1028 | D:4      | Found a shimmering altar of Xom.
  1035 | D:4      | Reached skill level 6 in Stealth
  1035 | D:4      | Reached skill level 1 in Spellcasting
  1035 | D:4      | Reached skill level 1 in Poison Magic
  1035 | D:4      | Reached XP level 5. HP: 27/30 MP: 6/6
  1040 | D:4      | Found a white marble altar of Elyvilon.
  1043 | D:4      | Found a shimmering blue altar of Sif Muna.
  1166 | D:4      | Reached skill level 5 in Short Blades
  1235 | D:4      | Found a sand-covered staircase.
  1247 | D:4      | Reached XP level 6. HP: 17/35 MP: 6/8
  1249 | Ossuary  | Entered an ossuary
  1437 | Ossuary  | Slain by a wight

Illustrated notes

Levels and vault maps discovered:
D:1:      scummos_arrival_simple_crosswalls, layout_rooms
D:2:      layout_basic, hellmonk_ecumenical_altar_inner_sanctum
D:3:      layout_rooms, nicolae_overflow_ecumenical_swirl,
          mainiacjoe_overflow_small_starburst, kennysheep_generic_room_15,
          uniq_natasha
D:4:      layout_gridville, grunt_temple_overflow_open,
          mainiacjoe_overflow_alcove_1, ebering_ghost_rock_garden,
          nicolae_ossuary_entry_catacombs, minmay_misc_feat_columns
Ossuary:  ossuary_due_cavern

Skill      XL: |  1  2  3  4  5 |
---------------+----------------+-----
Short Blades   | 3 4 5 |  5.6
Dodging        | 2 3 |  3.2
Stealth        | 6 |  6.4
Spellcasting   | 1 |  1.7
Poison Magic   | 1 |  1.8
Fighting       | |  2.1
Throwing       | |  2.1

Action                     |  1- 3 |  4- 6 || total
---------------------------+-------+-------++-------
  Melee: Dagger            |    55 |    54 ||   109
  Throw: Dart              |       |     2 ||     2
   Stab: Sleeping          |    13 |    14 ||    27
 Armour: Robe              |     4 |     2 ||     6
  Dodge: Dodged            |    20 |    18 ||    38

Table legend: (Time is in decaauts)
 A = Elapsed time spent in this place.
 B = Non-inter-level travel time spent in this place.
 C = Inter-level travel time spent in this place.
 D = Time resting spent in this place.
 E = Time spent auto-exploring this place.
 F = Levels seen in this place.
 G = Mean time per level.
                   A        B        C        D        E       F      G
               +--------+--------+--------+--------+--------+-----+--------+
         Total |   1411 |   1411 |      0 |     89 |      0 |   5 |  282.2 |
       Dungeon |   1226 |   1226 |      0 |     22 |      0 |   4 |  306.5 |
       Ossuary |    185 |    185 |      0 |     67 |      0 |   1 |  185.0 |
               +--------+--------+--------+--------+--------+-----+--------+

Top non-repeatable levels by time:
     D:3: 549 daAuts
     D:4: 266 daAuts
     D:2: 208 daAuts
     D:1: 201 daAuts
 Ossuary: 185 daAuts
